 Dungeon Sprint DCSS version 0.19.1 (webtiles) character file.

3332 equalderp2856 the Ripper (level 9, -7/45 HPs)
             Began as a Felid Fighter on Nov 27, 2016.
             Was an Initiate of Ru.
             Mangled by an eight-headed hydra (12 damage)
             ... in the Dungeon (Sprint IX: "|||||||||||||||||||||||||||||").
             The game lasted 00:04:43 (2032 turns).

equalderp2856 the Ripper (Felid Fighter)            Turns: 2032, Time: 00:04:44

Health: -7/45      AC:  2    Str: 13    XL:     9   Next: 71%
Magic:  10/10      EV: 32    Int: 10    God:    Ru [......]
Gold:   32         SH:  0    Dex: 17    Spells: 0 memorised, 8 levels left
                                        Lives:  0   Deaths: 2

rFire  . . .     SeeInvis +       - Unarmed
rCold  . . .     Gourm    .     (armour unavailable)
rNeg   . . .     Faith    .     (shield unavailable)
rPois  .         Spirit   .     (helmet unavailable)
rElec  .         Reflect  .     (cloak unavailable)
rCorr  .         Harm     .     (gloves unavailable)
MR     +....     NoTele   +     (boots unavailable)
Stlth  ++++......               (no amulet)
                                n - +2 ring of evasion
                                m - +2 ring of evasion

@: quick
A: no armour, no weapons or thrown items, stealth, claws 1, fangs 3, see
invisible, carnivore 3, speed 1, shaggy fur 2, slow metabolism 1, sharp paws
a: Renounce Religion


You were in the Dungeon.
You worshipped Ru.
Ru was noncommittal.
You were not hungry.

You visited 1 branch You collected 32 gold pieces.

Inventory:

Jewellery
 m - a +2 ring of evasion (left paw)
 n - a +2 ring of evasion (right paw)
Wands
 l - a wand of acid (7/15)
Scrolls
 h - 2 scrolls of blinking
 j - 7 scrolls of remove curse
 k - 2 scrolls of amnesia
 p - a scroll of recharging
 q - a scroll of fog
 r - 3 scrolls of identify
Potions
 a - 2 potions of might
 c - 2 potions of curing
 d - a potion of invisibility
 e - 2 potions of haste
 f - 4 potions of magic
 g - a potion of berserk rage
 i - 3 potions of heal wounds
 o - a potion of cure mutation
Comestibles
 b - 13 meat rations


   Skills:
 + Level 8.4 Fighting
 + Level 12.7 Dodging
 + Level 5.8 Stealth
 + Level 18.4 Unarmed Combat


You had 8 spell levels left.
You didn't know any spells.

Dungeon Overview and Level Annotations

Branches:
Dungeon (1/1)

Altars:
Cheibriados
Dithmenos
Elyvilon
Fedhas
Gozag
Hepliaklqana
Kikubaaqudgha
Makhleb
Nemelex Xobeh
Okawaru
Qazlal
Ru
Sif Muna
Trog
Uskayaw
Vehumet
Xom
Yredelemnul
Zin
The Shining One
Beogh
Jiyva
Lugonu


Innate Abilities, Weirdness & Mutations

You cannot wear armour.
You are incapable of wielding weapons or throwing items.
Your paws allow you to move quietly. (Stealth)
You have sharp claws.
You have razor-sharp teeth.
You have supernaturally acute eyesight. (SInv)
You are carnivorous and can eat meat at any time.
You cover ground quickly.
You are covered in thick fur. (AC +2)
You have a slow metabolism.
Your sharp claws are effective at attacking unaware monsters.


Message History

There is an open door to the Lair, spattered with blood here.
As you close the door, it creaks loudly!
You start resting.
You start resting.
HP restored.
Evoke which item? (* to show all) (? for menu, Esc to quit)
Okay, then.
You open the door.
There is an open door to the Lair, spattered with blood here.
You catch the helpless eight-headed hydra completely off-guard!
You eviscerate the eight-headed hydra!!!
The eight-headed hydra is severely wounded.
The eight-headed hydra completely misses you.
The eight-headed hydra bites you! x2
The eight-headed hydra bites you but does no damage.
The eight-headed hydra bites you!
* * * LOW HITPOINT WARNING * * *
The eight-headed hydra completely misses you.
The eight-headed hydra bites you!
You die...

▓▓▓▓▓▓▓▓▓▓▓▓▓▓▓▓▓▓▓▓▓▓▓▓▓▓▓▓▓▓▓▓▓
.....'...).'_____________________
▓▓▓▓▓▓▓▓▓▓▓▓▓▓▓▓▓▓▓▓▓▓▓▓▓▓▓▓▓▓▓▓▓
.................................
▓▓▓▓▓▓▓▓▓▓▓▓▓▓▓▓▓▓▓▓▓▓▓▓▓▓▓▓▓▓▓▓▓
..'.†....}..?...@DY....r. F.F.
▓▓▓▓▓▓▓▓▓▓▓▓▓▓▓▓▓▓▓▓▓▓▓▓▓ ▓▓▓▓


You could see a catoblepas, an eight-headed hydra and a porcupine (wandering).

Vanquished Creatures
  2 centaur warriors (D)
  A black mamba (D)
  A troll (D)
  2 yaks (D)
  A basilisk (D)
  2 wargs (D)
  2 hell hounds (D)
  A water moccasin (D)
  A porcupine (D)
  2 orc warriors (D)
  A centaur (D)
  5 wolves (D)
  A crocodile (D)
  A bullfrog (D)
  A scorpion (D)
  2 hounds (D)
  A jelly (D)
  2 worker ants (D)
  An ooze (D)
  A dart slug (D)
  2 leopard geckos (D)
  2 hobgoblins (D)
  A quokka (D)
  2 frilled lizards (D)
38 creatures vanquished.

Notes
Turn   | Place    | Note
-------+----------+-------------------------------------------
     0 | D        | equalderp2856 the Felid Fighter began the quest for the Orb.
     0 | D        | Reached XP level 1. HP: 10/10 MP: 2/2
    16 | D        | Reached skill level 5 in Unarmed Combat
    16 | D        | Reached XP level 2. HP: 11/14 MP: 3/3
    74 | D        | Noticed a scorpion
    88 | D        | Killed a scorpion
    88 | D        | Reached skill level 5 in Dodging
    88 | D        | Reached skill level 7 in Unarmed Combat
    88 | D        | Reached XP level 3. HP: 7/18 MP: 4/4
    91 | D        | Reached XP level 4. HP: 8/22 MP: 5/5
   281 | D        | Found a roughly hewn altar of Beogh.
   281 | D        | Found a snail-covered altar of Cheibriados.
   281 | D        | Found a shadowy altar of Dithmenos.
   281 | D        | Found a white marble altar of Elyvilon.
   281 | D        | Found a blossoming altar of Fedhas.
   281 | D        | Found an opulent altar of Gozag.
   282 | D        | Found a hazy altar of Hepliaklqana.
   283 | D        | Found a viscous altar of Jiyva.
   284 | D        | Found an ancient bone altar of Kikubaaqudgha.
   285 | D        | Found a corrupted altar of Lugonu.
   286 | D        | Found a burning altar of Makhleb.
   287 | D        | Found a sparkling altar of Nemelex Xobeh.
   288 | D        | Found an iron altar of Okawaru.
   289 | D        | Found a stormy altar of Qazlal.
   290 | D        | Found a sacrificial altar of Ru.
   291 | D        | Found a deep blue altar of Sif Muna.
   292 | D        | Found a bloodstained altar of Trog.
   293 | D        | Found a hide-covered altar of Uskayaw.
   294 | D        | Found a radiant altar of Vehumet.
   295 | D        | Found a shimmering altar of Xom.
   296 | D        | Found a basalt altar of Yredelemnul.
   297 | D        | Found a glowing silver altar of Zin.
   298 | D        | Found a glowing golden altar of the Shining One.
   337 | D        | Noticed an orc warrior
   337 | D        | Noticed a yak
   337 | D        | Noticed a centaur
   341 | D        | Reached skill level 5 in Fighting
   341 | D        | Reached skill level 8 in Unarmed Combat
   346 | D        | Reached skill level 9 in Unarmed Combat
   348 | D        | Mangled by an orc warrior
   349 | D        | Reached XP level 3. HP: -9/19 MP: 4/4
   374 | D        | Noticed a wolf
   374 | D        | Noticed a wolf
   374 | D        | Noticed a hell hound
   374 | D        | Noticed a wolf
   375 | D        | Noticed a warg
   378 | D        | Noticed a wolf
   379 | D        | Killed a wolf
   379 | D        | Reached skill level 1 in Stealth
   379 | D        | Reached skill level 10 in Unarmed Combat
   379 | D        | Reached XP level 4. HP: 24/24 MP: 5/5
   379 | D        | Reached XP level 5. HP: 27/27 MP: 6/6
   381 | D        | Noticed a warg
   386 | D        | Killed a hell hound
   386 | D        | Reached skill level 11 in Unarmed Combat
   403 | D        | Killed a warg
   403 | D        | Reached skill level 12 in Unarmed Combat
   403 | D        | Gained mutation: You are covered in thick fur. (AC +2) [Felid growth]
   403 | D        | Reached XP level 6. HP: 17/31 MP: 7/7
   409 | D        | Noticed a hell hound
   409 | D        | Killed a warg
   409 | D        | Reached skill level 13 in Unarmed Combat
   410 | D        | Reached XP level 7. HP: 12/35 MP: 8/8
   437 | D        | Reached skill level 14 in Unarmed Combat
   688 | D        | Noticed a hippogriff
   688 | D        | Noticed a basilisk
   695 | D        | Killed a basilisk
   699 | D        | HP: 1/36 [porcupine's spines (14)]
   713 | D        | Impaled on a porcupine's spines
   713 | D        | Reached XP level 8. HP: 1/40 MP: 9/9
   714 | D        | Reached XP level 7. HP: 1/36 MP: 8/8
   723 | D        | Noticed a troll
   723 | D        | Noticed a centaur warrior
   723 | D        | Noticed a centaur warrior
   725 | D        | Killed a centaur warrior
   725 | D        | Reached skill level 10 in Dodging
   725 | D        | Reached skill level 16 in Unarmed Combat
   725 | D        | Reached XP level 8. HP: 40/40 MP: 9/9
   733 | D        | Killed a centaur warrior
   733 | D        | Reached skill level 17 in Unarmed Combat
   741 | D        | Reached XP level 9. HP: 9/44 MP: 10/10
  1043 | D        | Noticed a black mamba
  1043 | D        | Noticed an eight-headed hydra
  1279 | D        | Killed a troll
  1369 | D        | Reached skill level 5 in Stealth
  1509 | D        | Became a worshipper of Ru the Awakened
  1633 | D        | Killed a black mamba
  1633 | D        | Reached skill level 18 in Unarmed Combat
  1656 | D        | Noticed a catoblepas
  2032 | D        | Mangled by an eight-headed hydra

Skill      XL: |  1  2  3  4  5  6  7  8  9 |
---------------+----------------------------+-----
Unarmed Combat | 5 7 10 9 12 13 16 17 18 | 18.4
Fighting       | 4 5 6 7 8 |  8.4
Dodging        | 5 6 8 10 11 12 | 12.7
Stealth        | 1 2 4 5 |  5.8

Action                   |  1- 3 |  4- 6 |  7- 9 || total
-------------------------+-------+-------+-------++-------
Melee: Unarmed           |    30 |    33 |   103 ||   166
       Bite              |     1 |       |     8 ||     9
       Punch             |       |     1 |     9 ||    10
  Use: Potion            |     1 |     1 |     4 ||     6
 Stab: Sleeping          |       |       |     2 ||     2
       Distracted        |       |       |     2 ||     2
  Eat: Chunk             |       |     2 |       ||     2
Armor: Skin              |     1 |       |     2 ||     3
Dodge: Dodged            |    17 |    23 |    88 ||   128
